 Dungeon Crawl Stone Soup version 0.31-a0-43-g46d131a48f (webtiles) character file.

Game seed: 9660464098056497286

1 porpoise the Vexing (level 1, -1/13 HPs)
             Began as a Human Enchanter on May 20, 2023.
             Frozen to death by an endoplasm (5 damage)
             ... on level 1 of the Dungeon.
             The game lasted 00:00:52 (124 turns).

porpoise the Vexing (Human Enchanter)                Turns: 124, Time: 00:00:53

Health: -1/13      AC:  2    Str:  8    XL:     1   Next: 22%
Magic:  3/3        EV: 12    Int: 15    God:
Gold:   16         SH:  0    Dex: 13    Spells: 4/4 levels left

rFire   . . .        a - +1 dagger
rCold   . . .        (no shield)
rNeg    . . .        b - +0 robe
rPois   .            (no helmet)
rElec   .            (no cloak)
rCorr   .            (no gloves)
SInv    .            (no boots)
Will    .....        (no amulet)
Stlth   ++           (no ring)
HPRegen 0.22/turn    (no ring)
MPRegen 0.08/turn

%: no passive effects
@: no status effects
A: no striking features
a: no special abilities


You were on level 1 of the Dungeon.
You visited 1 branch of the dungeon, and saw 1 of its levels.

You collected 16 gold pieces.

Inventory:

Hand Weapons
 a - a +1 dagger (weapon)
Armour
 b - a +0 robe (worn)
Magical Staves
 d - a staff of air
Scrolls
 f - a scroll of identify {unknown}
Potions
 c - 2 potions of invisibility
 e - a potion of flight {unknown}


   Skills:
 + Level 0.0 Fighting
 - Level 1.0 Short Blades
 - Level 2.0 Dodging
 + Level 3.0 Stealth
 * Level 2.0 Spellcasting
 * Level 3.0 Hexes


You had 4 spell levels left.
You didn't know any spells.
Your spell library contained the following spells:

 Spells                   Type           Power      Damage    Failure   Level
 Ensorcelled Hibernation  Hex/Ice        12%        N/A       19%         2
 Confusing Touch          Hex            10%        N/A       19%         3
 Tukima's Dance           Hex            10%        N/A       19%         3
 Dazzling Flash           Conj/Hex       12%        N/A       34%         3


Dungeon Overview and Level Annotations

Branches:
Dungeon (1/15)

Altars:


Message History

The kobold shouts!
The kobold throws a stone.
The stone hits you but does no damage.
A quokka comes into view.
The endoplasm quivers.
You hit the kobold but do no damage. The kobold closely misses you.
A kobold comes into view. It is wielding a +0 whip.
The kobold shouts!
You hit the kobold.
You kill the kobold!
The kobold throws a stone.
The stone barely misses you. The quokka barely misses you.
You hit the quokka.
The quokka is severely wounded.
A rat comes into view.
The quokka barely misses you.
You hit the quokka but do no damage.
The quokka is severely wounded.
The endoplasm barely misses you. The quokka closely misses you.
You miss the quokka.
The quokka is severely wounded.
The endoplasm freezes you.
You are frozen.
The quokka misses you.
You barely miss the quokka.
The quokka is severely wounded.
The quokka bites you. The endoplasm freezes you.
You are frozen.
You are too injured to fight recklessly!
You are too injured to fight recklessly!
You closely miss the quokka.
The quokka is severely wounded.
The quokka barely misses you. The endoplasm freezes you.
You are frozen.
The kobold barely misses you.
You barely miss the quokka.
The quokka is severely wounded.
The quokka barely misses you. The endoplasm freezes you.
You are frozen.
You die...

# .# ####+####..#
#..?...J...#
#.....@rr..#
#.†....K...#
#..........# .#
#..........#..#
#..........#..#
#..........#..#
#..........#..#
######.............#
###....#.............#


You could see an endoplasm, a quokka, a kobold and a rat.

Vanquished Creatures
  A kobold (D:1)
  A rat (D:1)
2 creatures vanquished.

Notes
Turn   | Place    | Note
-------+----------+-------------------------------------------
     0 | D:1      | porpoise the Human Enchanter began the quest for the Orb.
     0 | D:1      | Reached XP level 1. HP: 13/13 MP: 3/3
   124 | D:1      | Frozen to death by an endoplasm

Illustrated notes

Levels and vault maps discovered:
D:1:      giann_wishing_wells, layout_basic, serial_shops, shop

Action                     || total
---------------------------++-------
  Melee: Dagger            ||    10
 Armour: Robe              ||     1
  Dodge: Dodged            ||    11

Table legend: (Time is in decaauts)
 A = Elapsed time spent in this place.
 B = Non-inter-level travel time spent in this place.
 C = Inter-level travel time spent in this place.
 D = Time resting spent in this place.
 E = Time spent auto-exploring this place.
 F = Levels seen in this place.
 G = Mean time per level.
                   A        B        C        D        E       F      G
               +--------+--------+--------+--------+--------+-----+--------+
         Total |    123 |    123 |      0 |      0 |    100 |   1 |  123.0 |
       Dungeon |    123 |    123 |      0 |      0 |    100 |   1 |  123.0 |
               +--------+--------+--------+--------+--------+-----+--------+

Top non-repeatable levels by time:
     D:1: 123 daAuts
